 Dungeon Crawl Stone Soup version 0.31.0-9-g3a7656b989 (webtiles) character file.

Game seed: 8573423433809483077

24 Killerpretzel the Caller (level 2, -7/13 HPs)
             Began as a Felid Summoner on Feb 5, 2024.
             Killed by divine providence
             ... invoked by an orc priest
              (15 damage)
             ... on level 4 of the Dungeon.
             The game lasted 00:04:05 (1210 turns).

Killerpretzel the Caller (Felid Summoner)           Turns: 1210, Time: 00:04:06

Health: -7/13      AC:  1    Str:  4    XL:     2   Next: 79%
Magic:  4/6        EV: 18    Int: 18    God:
Gold:   57         SH:  0    Dex: 16    Spells: 4/5 levels left
                                        Lives:  0   Deaths: 1

rFire   . . .        (weapon unavailable)
rCold   . . .        (shield unavailable)
rNeg    . . .        (body armour unavailable)
rPois   .            (helmet unavailable)
rElec   .            (cloak unavailable)
rCorr   .            (gloves unavailable)
SInv    +            (boots unavailable)
Will    .....        (no amulet)
Stlth   ++           (no ring)
HPRegen 0.22/turn    (no ring)
MPRegen 0.10/turn

%: no passive effects
@: no status effects
A: very small, claws 1, fangs 3, see invisible, shaggy fur 1, stealthy paws, no
weapons or thrown items, no armour, multi-lived
a: no special abilities


You were on level 4 of the Dungeon.
You visited 1 branch of the dungeon, and saw 3 of its levels.

You collected 57 gold pieces.

Inventory:

Scrolls
 c - a scroll of acquirement {unknown}
 d - a scroll of identify {unknown}
 e - a scroll of silence {unknown}
 f - a scroll of poison {unknown}
 h - a scroll of immolation {unknown}
Potions
 a - a potion of magic
 b - a potion of curing {unknown}
 g - a potion of resistance {unknown}


   Skills:
 + Level 3.2 Dodging
 - Level 2.6 Stealth
 + Level 2.3 Spellcasting
 * Level 4.4 Summonings


You had 4 spell levels left.
You knew the following spells:

 Your Spells              Type           Power      Damage    Failure   Level
a - Summon Small Mammal   Summ           72%        N/A       2%          1

Your spell library contained the following spells:

 Spells                   Type           Power      Damage    Failure   Level
 Call Imp                 Summ           36%        N/A       4%          2
 Call Canine Familiar     Summ           18%        N/A       9%          3
 Summon Blazeheart Golem  Fire/Summ      10%        N/A       56%         4
 Summon Lightning Spire   Summ/Air       10%        N/A       56%         4


Dungeon Overview and Level Annotations

Branches:
Dungeon (2/15)

Altars:


Innate Abilities, Weirdness & Mutations

You have sharp claws.
You have razor-sharp teeth.
You have supernaturally acute eyesight. (SInv)
You are covered in fur. (AC +1)
Your paws help you pounce on unaware monsters.
You are incapable of wielding weapons or throwing items.
You cannot wear armour.
You gain extra lives every three experience levels.


Message History

The orc priest looks encouraged for a moment.
Your quokka bites the orc.
Your quokka closely misses the orc.
A kobold comes into view. It is wielding a +0 short sword.
The orc misses your quokka.
The orc priest miscasts a cantrip.
You are too injured to fight recklessly!
There are monsters nearby!
Your quokka barely misses the orc.
Your quokka bites the orc.
The orc dies!
The orc priest looks encouraged for a moment.
The orc priest casts a cantrip, but nothing happens.
The orc closely misses your quokka.
The orc priest begins to cast a cantrip, but forgets the words!
The orc barely misses your quokka.
The orc hits your quokka with a +0 flail.
Your quokka dies!
Your quokka's corpse disappears in a puff of smoke!
The orc misses your quokka.
Casting: Summon Small Mammal (safe; 2% risk of failure)
Confirm with . or Enter, or press ? or * to list all spells.
The kobold hits your quokka with a +0 short sword.
Your quokka bites the kobold.
The orc barely misses your quokka.
Your quokka bites the kobold.
The kobold dies!
The orc hits your quokka with a +0 flail.
Your quokka closely misses the orc.
The orc closely misses your quokka.
Your quokka bites the orc.
The orc hits your quokka with a +0 flail.
Your quokka dies!
Your quokka's corpse disappears in a puff of smoke!
Casting: Summon Small Mammal (safe; 2% risk of failure)
Confirm with . or Enter, or press ? or * to list all spells.
The orc misses your rat.
Your rat bites the orc.
The orc dies!
Your rat closely misses the orc priest.
The orc priest invokes the aid of Beogh against you.
Beogh smites you!
Ouch! That really hurt!
You die...

..............#############
.....##########...........#
...[.# #............ .....#
#...........# .....#
#...........# .....#
#...........# .....#
#...........# #.####
###.######### #. ##@.#
#b.## ########r##
#......#o# #.$.....)#
#..........+ .......)####
##+##..## #.#


You could see an orc priest (ally target), a friendly bat (summoned) and a
friendly rat (summoned).

Vanquished Creatures
  A dart slug (D:1)
1 creature vanquished.

Vanquished Creatures (collateral kills)
  2 orcs (D:4)
  4 endoplasms (D:1)
  2 giant cockroaches
  2 hobgoblins (D:1)
  A ball python (D:1)
  A bat (D:1)
  2 frilled lizards (D:1)
  4 kobolds
18 creatures vanquished.

Grand Total: 19 creatures vanquished

Notes
Turn   | Place    | Note
-------+----------+-------------------------------------------
     0 | D:1      | Killerpretzel the Felid Summoner began the quest for the
                  | Orb.
     0 | D:1      | Reached XP level 1. HP: 9/9 MP: 4/4
   288 | D:1      | Reached XP level 2. HP: 13/13 MP: 3/6
  1137 | D:2      | You fall into a shaft and drop 2 floors!
  1180 | D:4      | Killed from afar by an orc priest
  1180 | D:4      | Lost a life (0 lives remaining)
  1210 | D:4      | Killed from afar by an orc priest

Illustrated notes

Levels and vault maps discovered:
D:1:      sevenhm_arrival_forest_fort_large_2, layout_loops_ring,
          minmay_misc_feat_hallway, minivault_23
D:2:      layout_basic
D:4:      layout_basic, enter_ossuary_2, minmay_misc_feat_four_crosses,
          uniq_ijyb

Skill      XL: |  1 |
---------------+----+-----
Dodging        | 3 |  3.2
Stealth        | |  2.6
Spellcasting   | |  2.3
Summonings     | |  4.4

Action                     || total
---------------------------++-------
  Melee: Unarmed           ||     4
         Punch             ||     1
   Cast: Summon Small Mamm ||    38
 Armour: Skin              ||     6
  Dodge: Dodged            ||    18
